AoeStats
← 清融

MegaRandom

508592943Analyzed
2v2 RM · 10d ago on Sep 23, 2026· 70m 8s· 4 players
Game mode
Random Map
Map size
Medium (4 player)
Population
200
Speed
Normal
Resources
Standard
Victory
Conquest
Starting age
Dark Age
Ending age
Imperial Age
RankedLock teamsTeams togetherTeam positionsShared explorationLock speedFull tech treeHidden civsTurbo modeCheats
Victory
Defeat
🇨🇳 Persians · China
782
+13
🇺🇸 Jurchens · United States
715
+16
🇨🇱 Portuguese · Chile
810
-37
613
-10
rodrigoaravenaponce
2:01 Loom
13:48 Feudal Age
18:37 Castle Age
18:41 Double-Bit Axe
18:58 Stone Mining
19:34 Scale Mail Armor
19:27 Fletching
31:25 Town Watch
32:18 Wheelbarrow
33:46 Fervor
33:19 Horse Collar
36:11 Imperial Age
33:59 Hand Cart
33:55 Forging
33:53 Scale Barding Armor
33:48 Padded Archer Armor
34:57 Stone Shaft Mining
34:16 Gold Mining
35:37 Bloodlines
35:28 Husbandry
35:23 Gambesons
35:39 Squires
35:25 Arson
36:08 Treadmill Crane
36:23 Murder Holes
36:40 Masonry
37:23 Conscription
38:32 Gothikon
39:22 Devotion
39:52 Ballistics
40:34 Chemistry
39:58 Caravan
40:54 Coinage
40:01 Cranequins
42:47 Elite Varangian Guard
45:05 Chain Mail Armor
45:15 Chain Barding Armor
45:11 Leather Archer Armor
49:28 Elite Jarl
51:49 Plate Mail Armor
52:36 Architecture
54:30 Iron Casting
osvaldowr
0:35 Loom
13:38 Feudal Age
15:01 Wheelbarrow
14:15 Horse Collar
14:24 Double-Bit Axe
27:29 Castle Age
26:17 Gold Mining
26:18 Stone Mining
28:58 Stone Shaft Mining
30:46 Murder Holes
30:33 Treadmill Crane
34:01 Imperial Age
33:50 Heavy Plow
34:04 Bow Saw
34:13 Hand Cart
33:43 Town Watch
34:53 Ballistics
34:47 Masonry
34:34 Fletching
34:55 Forging
35:10 Conscription
34:52 Arquebus
37:12 Two-Man Saw
36:45 Crop Rotation
38:12 Town Patrol
41:39 Siege Engineers
42:37 Chemistry
42:08 Clinker Construction
42:09 Careening
42:41 Coinage
42:22 Guilds
42:13 Caravan
44:41 Elite Organ Gun
51:47 Elite Cannon Galleon
56:48 Iron Casting
56:10 Bodkin Arrow
56:42 Carvel Hull
56:44 Dry Dock
56:21 Heated Shot
gotjimmy
0:28 Loom
13:46 Feudal Age
20:24 Castle Age
19:04 Double-Bit Axe
19:06 Horse Collar
19:22 Stone Mining
20:29 Gold Mining
21:16 Pikeman
23:28 Bloodlines
23:19 Husbandry
23:37 Light Cavalry
26:48 Caravan
31:24 Imperial Age
29:29 Bow Saw
31:28 Wheelbarrow
30:55 Fletching
34:11 Two-Man Saw
32:52 Heavy Rocket Cart
36:36 Gold Shaft Mining
36:44 Stone Shaft Mining
36:24 Heavy Plow
37:20 Conscription
37:01 Fortified Bastions
37:11 Thunderclap Bombs
36:59 Bodkin Arrow
37:15 Forging
37:05 Scale Mail Armor
37:05 Padded Archer Armor
37:11 Scale Barding Armor
38:58 Bracer
39:34 Iron Casting
40:12 Hand Cart
40:57 Chain Mail Armor
40:42 Murder Holes
40:28 Treadmill Crane
41:00 Fortified Wall
41:12 Ballistics
42:28 Siege Engineers
43:47 Squires
43:33 Arson
44:12 Chain Barding Armor
43:44 Town Watch
43:58 Elite Iron Pagoda
47:16 Halberdier
54:26 Blast Furnace
56:48 Elite Fire Lancer
60:12 Demolition Ship
61:03 Medium Warships
67:29 Spies/Treason
清融
12:35 Feudal Age
13:19 Double-Bit Axe
13:19 Horse Collar
14:38 Wheelbarrow
13:50 Town Watch
20:20 Castle Age
19:19 Stone Mining
19:20 Gold Mining
22:05 Bow Saw
25:08 Hand Cart
26:15 Loom
26:31 Town Patrol
27:08 Fletching
27:22 Padded Archer Armor
28:15 Stone Shaft Mining
27:20 Pikeman
28:03 Squires
27:49 Arson
29:59 Gambesons
32:22 Forging
32:29 Leather Archer Armor
33:03 Heavy Plow
33:56 Kamandaran
34:12 Crossbowman
34:58 Thumb Ring
38:28 Imperial Age
36:48 Bloodlines
36:42 Husbandry
36:29 Light Cavalry
36:37 Light Cavalry
37:31 Bodkin Arrow
38:13 Iron Casting
37:44 Scale Barding Armor
37:41 Scale Mail Armor
40:46 Two-Man Saw
40:19 Crop Rotation
39:14 Hussar
39:17 Cavalier
39:19 Heavy Camel Rider
41:20 Blast Furnace
40:51 Ring Archer Armor
40:42 Chain Barding Armor
41:12 Ballistics
40:43 Heated Shot
41:56 Chemistry
40:52 Murder Holes
41:37 Conscription
42:16 Savar
44:01 Chain Mail Armor
47:51 Plate Mail Armor
47:57 Plate Barding Armor
Connection lost

Rejoining the realm…

Still unreachable

The connection could not be restored.

Session expired

The server has moved on; the page needs a fresh start.